 Dungeon Crawl Stone Soup version 0.30-a0-728-gc68057be0a (webtiles) character file.

Game seed: 13530055370937306868

2544 Dirtsage the Changer (level 9, -11/67 HPs)
             Began as an Octopode Transmuter on Jan 27, 2023.
             Was a Believer of Elyvilon.
             Mangled by a hornet (13 damage)
             ... on level 7 of the Dungeon on Jan 31, 2023.
             The game lasted 00:16:15 (6714 turns).

Dirtsage the Changer (Octopode Transmuter)          Turns: 6714, Time: 00:16:15

Health: -11/67     AC:  8    Str:  9    XL:     9   Next: 55%
Magic:  12/12      EV: 10    Int: 20    God:    Elyvilon [**....]
Gold:   290        SH:  5    Dex: 12    Spells: 5/12 levels left

rFire   x . .      SeeInvis .      - Unarmed
rCold   + + +      Faith    .    (shield currently unavailable)
rNeg    . . .      Spirit   .    (helmet currently unavailable)
rPois   +          Reflect  +    f - amulet of reflection
rElec   .          Harm     .    (no ring)
rCorr   .          Rampage  .    (no ring)
Will    .....                    (no ring)
Stlth   +                        (no ring)
HPRegen 0.31/turn                (no ring)
MPRegen 0.13/turn                (no ring)
                                 (no ring)
                                 (no ring)

@: lethally poisoned (-11 -> -15), ice-form, slowed, very slow
A: freezing attack, boosted hp, almost no armour, amphibious, 8 rings, large,
(camouflage 1), (gelatinous body 1), (nimble swimmer 1), (tentacles)
a: End Transformation, Renounce Religion, Purification, Heal Other


You were on level 7 of the Dungeon.
You worshipped Elyvilon.
Elyvilon was pleased with you.
You were a creature of crystalline ice.
You visited 2 branches of the dungeon, and saw 8 of its levels.

You collected 290 gold pieces.

Inventory:

Magical Staves
 c - a staff of earth
Jewellery
 f - an amulet of reflection (around neck)
Wands
 g - a wand of roots (12)
Scrolls
 b - a scroll of poison
 d - 3 scrolls of vulnerability
 e - a scroll of fear {unknown}
 h - a scroll of summoning
 i - a scroll of identify
 j - 3 scrolls of amnesia
 k - a scroll of magic mapping
 m - 2 scrolls of fog
 n - a scroll of immolation
 o - a scroll of enchant weapon {unknown}
 t - 5 scrolls of teleportation
 B - 5 scrolls of blinking
Potions
 l - 3 potions of heal wounds
 p - a potion of berserk rage {unknown}
 r - a potion of attraction {unknown}
 s - a potion of mutation {unknown}


   Skills:
 + Level 3.1 Fighting
 + Level 3.5 Dodging
 + Level 4.2 Unarmed Combat
 - Level 2.0 Spellcasting
 * Level 7.8 Transmutations
 * Level 7.4 Ice Magic
 + Level 3.0 Invocations
 + Level 2.9 Evocations


You had 5 spell levels left.
You knew the following spells:

 Your Spells              Type           Power      Damage    Failure   Level
a - Beastly Appendage     Tmut           66%        N/A       1%          1
b - Wereblood             Tmut           33%        N/A       1%          2
c - Ice Form              Ice/Tmut       32%        N/A       7%          4

Your spell library contained the following spells:

 Spells                   Type           Power      Damage    Failure   Level
 Ensorcelled Hibernation  Hex/Ice        32%        N/A       5%          2
 Spider Form              Tmut/Pois      17%        N/A       10%         3
 Kiss of Death            Conj/Necr      8%         2d6       16%         1
 Magic Dart               Conj           8%         1d3       16%         1
 Shock                    Conj/Air       8%         1d3       16%         1
 Call Imp                 Summ           2%         N/A       24%         2
 Confusing Touch          Hex            2%         N/A       43%         3
 Mephitic Cloud           Conj/Pois/Air  2%         N/A       43%         3
 Stone Arrow              Conj/Erth      4%         3d7       43%         3
 Swiftness                Air            2%         N/A       43%         3
 Airstrike                Air            1%         2d(1-17)  83%         4
 Anguish                  Hex/Necr       1%         N/A       83%         4
 Dispel Undead            Necr           2%         3d7       83%         4
 Lehudib's Crystal Spear  Conj/Erth      1%         10d2      100%        8
 Animate Armour           Summ/Erth      Unusable   N/A       N/A         4

Dungeon Overview and Level Annotations

Branches:
Dungeon (7/15)             Temple (1/1) D:4

Altars:
Ashenzari
Cheibriados
Dithmenos
Elyvilon
Fedhas
Makhleb
Nemelex Xobeh
Okawaru
Ru
Sif Muna
Trog
Uskayaw
Xom
Yredelemnul

Shops:
D:6 :


Innate Abilities, Weirdness & Mutations

You are a creature of crystalline ice.
You have a powerful freezing melee attack.
Your maximum health is increased.
Your armour is entirely melded.
You are incapable of wielding weapons or throwing items.
You cannot wear most types of armour.
You are amphibious.
You can wear up to eight rings at the same time.
((Your skin changes colour to match your surroundings (Stealth+).))
((Your rubbery body absorbs attacks. (AC +1, EV +1)))
((You are camouflaged when in or above water. (Stealth+)))
((You have tentacles for arms and can constrict up to eight enemies at once.))


Message History

You feel as though you will be slow longer.
You feel much better. The hornet barely misses you. The hornet stings you.
You regained 26 hp, and now have 44/67 hp.
You hit the hornet. You freeze the hornet.
The hornet is heavily wounded.
The hornet stings you but does no damage.
The hornet stings you!
You are poisoned.
You feel as though you will be slow longer.
The hornet stings you!
You are more poisoned.
You take 22 damage, and have 22/67 hp.
MASSIVE DAMAGE!!
You hit the hornet but do no damage.
The hornet is heavily wounded.
* * * LOW HITPOINT WARNING * * *
You feel extremely sick. The hornet stings you!
* * * LOW HITPOINT WARNING * * *
You feel as though you will be slow longer.
The hornet closely misses you.
You take 14 damage, and have 8/67 hp.
MASSIVE DAMAGE!!
You hit the hornet. You freeze the hornet.
The hornet is severely wounded.
* * * LOW HITPOINT WARNING * * *
You feel very sick. You block the hornet's attack.
The hornet barely misses you.
You take 3 damage, and have 5/67 hp.
You barely miss the hornet.
The hornet is severely wounded.
* * * LOW HITPOINT WARNING * * *
You feel very sick. The hornet stings you. Elyvilon protects you from harm!
You block the hornet's attack.
You take 3 damage, and have 2/67 hp.
You closely miss the hornet.
The hornet is severely wounded.
Elyvilon protects you from harm! You block the hornet's attack.
The hornet stings you!
You die...

#..##..# #..##..# ♣.♣ ♣
#.†....# ♣.♣ .
#.####.#♣♣.♣♣#♣. #.#
#.#♣...♣#.♣ #.#
#.#♣...♣#.♣ #.#
#)#♣...♣#.♣ ♣
##.####)#♣...♣♣.♣.♣.♣♣♣
#.#...#....)...Yy~.....
##.##.#.#♣...♣♣.♣.♣.♣♣♣
####.#.#♣...♣#.♣ ♣
######.#.#♣...♣#.♣
#........#♣...♣#.♣
......<#.#♣♣.♣♣#♣.
.......#.# ♣.♣ .
.......#.# ♣.♣ ♣
...[....


You could see a hornet.

Vanquished Creatures
  Pikel (D:6)
  A steam dragon (D:6)
  A water moccasin (D:6)
  3 black bears
  An orc warrior (D:4)
  An ice beast (D:5)
  A kobold brigand (D:6)
  A bullfrog (D:5)
  4 scorpions
  4 wights (D:6)
  A killer bee (D:7)
  A crimson imp (D:4)
  A hound (D:5)
  4 orc priests
  2 jellies (D:5)
  7 iguanas
  5 orc wizards
  4 gnolls (D:5)
  8 adders
  2 white imps (D:6)
  An ufetubus (D:5)
  3 dart slugs
  14 orcs
  2 bats
  5 endoplasms
  2 giant cockroaches
  10 goblins
  4 hobgoblins
  6 jackals
  8 kobolds
  6 quokkas
  6 ball pythons
  A frilled lizard (D:2)
  8 rats
129 creatures vanquished.

Vanquished Creatures (others)
  A kobold (D:6)
1 creature vanquished.

Grand Total: 130 creatures vanquished

Notes
Turn   | Place    | Note
-------+----------+-------------------------------------------
     0 | D:1      | Dirtsage the Octopode Transmuter began the quest for the
                  | Orb.
     0 | D:1      | Reached XP level 1. HP: 13/13 MP: 3/3
   186 | D:1      | Reached skill level 1 in Ice Magic
   186 | D:1      | Reached XP level 2. HP: 18/18 MP: 3/5
   246 | D:1      | Learned a level 2 spell: Wereblood
   699 | D:2      | Reached XP level 3. HP: 20/23 MP: 2/6
   908 | D:2      | Identified the -2 helmet "Long" {Harm Will+}
   947 | D:2      | Upgraded the game from 0.30-a0-721-ga6a225cb13 to
                  | 0.30-a0-728-gc68057be0a
  1061 | D:2      | Reached XP level 4. HP: 24/28 MP: 7/7
  1066 | D:2      | Learned a level 4 spell: Ice Form
  2355 | D:4      | Noticed an orc warrior
  2398 | D:4      | Killed an orc warrior
  2399 | D:4      | Reached XP level 5. HP: 13/33 MP: 8/8
  2922 | D:4      | Reached XP level 6. HP: 35/38 MP: 4/9
  3203 | D:4      | Reached skill level 5 in Transmutations
  3271 | D:4      | Found a staircase to the Ecumenical Temple.
  3283 | Temple   | Entered the Ecumenical Temple
  3449 | Temple   | Became a worshipper of Elyvilon the Healer
  3540 | D:4      | Found a burning altar of Makhleb.
  3540 | D:4      | Found a shimmering altar of Xom.
  3883 | D:4      | Found a snail-covered altar of Cheibriados.
  4078 | D:5      | Entered Level 5 of the Dungeon
  4171 | D:5      | Reached XP level 7. HP: 43/43 MP: 5/10
  4232 | D:5      | Reached skill level 5 in Ice Magic
  4320 | D:5      | Reached * piety under Elyvilon
  4424 | D:5      | Reached XP level 8. HP: 48/48 MP: 6/11
  4606 | D:5      | Found a sparkling altar of Nemelex Xobeh.
  5340 | D:6      | Reached skill level 1 in Invocations
  5340 | D:6      | Reached skill level 1 in Evocations
  5423 | D:6      | Reached ** piety under Elyvilon
  5441 | D:6      | Found Pinuahas's Book Shop.
  6145 | D:6      | Found an iron altar of Okawaru.
  6184 | D:6      | Noticed Pikel
  6200 | D:6      | Reached XP level 9. HP: 43/55 MP: 3/12
  6209 | D:6      | Killed Pikel
  6694 | D:7      | Noticed a hornet
  6713 | D:7      | HP: 2/67 [poisoned by a hornet]
  6713 | D:7      | Elyvilon protects you from harm!
  6714 | D:7      | Elyvilon protects you from harm!
  6714 | D:7      | Mangled by a hornet

Illustrated notes

Levels and vault maps discovered:
D:1:      psy_arrival_whirlpool, layout_basic
D:2:      layout_basic, minmay_quantized
D:3:      layout_rooms
D:4:      layout_loops_corners, grunt_temple_overflow_champion_of_chaos,
          cheibriados_altar_1, minmay_temple_entry_overgrown,
          guppyfry_early_orc_mine
D:5:      layout_basic, marbit_many_paths, nrook_campfire
D:6:      layout_loops_ring, okawaru_metal_pillars_1_2, serial_shops,
          nicolae_shop_stone, uniq_pikel
D:7:      nzn_winding_woodlands_three_and_one
          [nzn_winding_woodlands_5x15_split_checker,
          nzn_winding_woodlands_5x15_eye, nzn_winding_woodlands_5x15_default,
          nzn_winding_woodlands_center_diamonds], layout_loops_ring,
          nicolae_hepliaklqana_ecumenical_no_more,
          pdpol_temple_overflow_zin_treasury_gozag_greed, amcnicky_altar_gilded,
          uniq_duvessa, uniq_prince_ribbit1
Temple:   nicolae_temple_bog_church

Skill      XL: |  1  2  3  4  5  6  7  8  9 |
---------------+----------------------------+-----
Ice Magic      | 1 2 3 4 6 7 |  7.4
Transmutations | 3 4 5 6 7 |  7.8
Invocations    | 2 3 |  3.0
Evocations     | 2 |  2.9
Fighting       | 2 3 |  3.1
Dodging        | 3 |  3.5
Unarmed Combat | 4 |  4.2
Spellcasting   | |  2.0

Action                     |  1- 3 |  4- 6 |  7- 9 || total
---------------------------+-------+-------+-------++-------
  Melee: Unarmed           |    70 |   125 |   208 ||   403
         Constrict         |    16 |    21 |     4 ||    41
         Kick              |    13 |    21 |     3 ||    37
         Tentacles         |    11 |    16 |     2 ||    29
         Punch             |     4 |     3 |     1 ||     8
   Cast: Beastly Appendage |    11 |    20 |     4 ||    35
         Wereblood         |     1 |     2 |     8 ||    11
         Ice Form          |       |     4 |    19 ||    23
    Use: Scroll            |       |     7 |     6 ||    13
         Potion            |       |     1 |     3 ||     4
   Stab: Sleeping          |     2 |     5 |       ||     7
         Distracted        |       |     1 |       ||     1
 Armour: Skin              |     5 |    17 |    47 ||    69
  Dodge: Dodged            |    36 |    42 |    72 ||   150
  Block: Other             |    11 |    19 |    33 ||    63
         Reflection        |       |     1 |     2 ||     3

Table legend: (Time is in decaauts)
 A = Elapsed time spent in this place.
 B = Non-inter-level travel time spent in this place.
 C = Inter-level travel time spent in this place.
 D = Time resting spent in this place.
 E = Time spent auto-exploring this place.
 F = Levels seen in this place.
 G = Mean time per level.
                   A        B        C        D        E       F      G
               +--------+--------+--------+--------+--------+-----+--------+
         Total |   6697 |   6539 |    158 |    641 |   4868 |   8 |  837.1 |
       Dungeon |   6518 |   6383 |    135 |    641 |   4722 |   7 |  931.1 |
        Temple |    178 |    155 |     23 |      0 |    146 |   1 |  178.0 |
               +--------+--------+--------+--------+--------+-----+--------+

Top non-repeatable levels by time:
     D:6: 1328 daAuts
     D:4: 1142 daAuts
     D:5: 1117 daAuts
     D:3: 1110 daAuts
     D:2: 993 daAuts
     D:1: 687 daAuts
  Temple: 178 daAuts
     D:7: 139 daAuts
